[ AOE2 MATCH · #506095377 ]
UnrankedMongols vs Magyars
Player's team · WIN
Rival team · LOSS
[ REPLAY ANALYSIS · EXTRACTED FROM THE RECORDED GAME ]
Feudal
14:44
Castle
43:26
Imperial
—
| APM avg | 63.2 |
| APM peak | 88 |
| eAPM avg | 27.8 |
| Villagers / military | 75 / 37 |
Focus
⚔️ 32.4% · 🌾 67.6%
Scout Cavalry ×22 · Spearman ×15
Feudal
10:17
Castle
—
Imperial
—
| APM avg | 42.5 |
| APM peak | 77 |
| eAPM avg | 14.6 |
| Villagers / military | 62 / 29 |
Focus
⚔️ 18.6% · 🌾 81.4%
Scout Cavalry ×22 · Spearman ×7
Match map
Initial resources + every placement click. Lines = walls · curves = elevation contours. ◆ gold · ⬟ stone · ● berries · ✦ relic · ◌ wall gap
Your base· Open — unwalled flank
theanswer5's base· Open — unwalled flank
Smoothed initial terrain · ◌ = detected wall gap · hover for details
Inputs per minute
— Guthrie_Govan - - theanswer5
Build order — Guthrie_Govan
First 150 of 279 actions detected
| 0:00 | Create | Villager (Male) |
| 0:00 | Create | Villager (Male) |
| 0:00 | Create | Villager (Male) |
| 0:01 | Create | Villager (Male) |
| 0:02 | Build | House |
| 0:03 | Build | House |
| 1:31 | Create | Villager (Male) |
| 1:31 | Create | Villager (Male) |
| 1:55 | Build | Lumber Camp |
| 2:02 | Create | Villager (Male) |
| 2:03 | Create | Villager (Male) |
| 2:32 | Create | Villager (Male) |
| 2:33 | Create | Villager (Male) |
| 3:10 | Create | Villager (Male) |
| 3:10 | Create | Villager (Male) |
| 3:10 | Create | Villager (Male) |
| 3:30 | Build | House |
| 3:30 | Build | House |
| 4:34 | Create | Villager (Male) |
| 4:35 | Create | Villager (Male) |
| 4:36 | Create | Villager (Male) |
| 4:36 | Create | Villager (Male) |
| 5:18 | Build | Mill |
| 5:18 | Create | Villager (Male) |
| 5:32 | Create | Villager (Male) |
| 5:44 | Create | Villager (Male) |
| 5:59 | Research | Loom |
| 6:28 | Build | House |
| 6:57 | Build | Town Center |
| 7:03 | Build | Palisade Wall |
| 7:05 | Build | Palisade Wall |
| 7:06 | Build | Palisade Wall |
| 7:09 | Build | Palisade Wall |
| 7:13 | Build | Palisade Wall |
| 7:14 | Build | Palisade Wall |
| 7:33 | Build | Palisade Gate |
| 7:38 | Build | Palisade Gate |
| 7:43 | Build | Palisade Wall |
| 7:54 | Create | Villager (Male) |
| 7:55 | Create | Villager (Male) |
| 7:55 | Create | Villager (Male) |
| 7:55 | Create | Villager (Male) |
| 8:23 | Create | Villager (Male) |
| 8:23 | Create | Villager (Male) |
| 8:43 | Build | Mill |
| 9:23 | Create | Villager (Male) |
| 10:13 | Create | Villager (Male) |
| 10:54 | Create | Villager (Male) |
| 11:20 | Create | Villager (Male) |
| 12:34 | Research | Feudal Age |
| 12:59 | Build | Barracks |
| 13:32 | Build | House |
| 13:35 | Build | House |
| 13:38 | Build | House |
| 13:40 | Build | House |
| 13:47 | Build | House |
| 13:56 | Build | Palisade Wall |
| 13:58 | Build | Palisade Wall |
| 14:01 | Build | Palisade Wall |
| 14:30 | Build | Palisade Wall |
| 14:31 | Build | Palisade Wall |
| 14:33 | Build | Palisade Wall |
| 14:33 | Build | Palisade Wall |
| 14:44 | Age | Feudal Age |
| 15:29 | Build | Palisade Wall |
| 15:36 | Build | Palisade Wall |
| 15:39 | Build | Mining Camp |
| 15:41 | Research | Double-Bit Axe |
| 15:41 | Research | Double-Bit Axe |
| 15:41 | Create | Spearman |
| 15:43 | Create | Villager (Male) |
| 15:49 | Create | Spearman |
| 15:49 | Create | Spearman |
| 15:50 | Create | Villager (Male) |
| 15:52 | Build | Stable |
| 15:54 | Build | Farm |
| 15:54 | Build | Farm |
| 15:55 | Build | Farm |
| 15:57 | Build | Farm |
| 16:14 | Build | Palisade Wall |
| 16:15 | Build | Palisade Wall |
| 16:17 | Build | Palisade Wall |
| 16:18 | Build | Palisade Wall |
| 16:20 | Create | Spearman |
| 16:28 | Build | Gate |
| 16:36 | Create | Villager (Male) |
| 16:41 | Create | Spearman |
| 16:47 | Build | Farm |
| 16:48 | Build | Farm |
| 16:50 | Build | Farm |
| 16:57 | Create | Scout Cavalry |
| 16:58 | Create | Scout Cavalry |
| 17:11 | Build | Farm |
| 17:16 | Build | Palisade Wall |
| 17:22 | Create | Spearman |
| 17:47 | Create | Villager (Male) |
| 18:18 | Build | Watch Tower |
| 18:21 | Create | Villager (Male) |
| 18:30 | Build | Farm |
| 18:37 | Build | Lumber Camp |
| 18:40 | Build | Watch Tower |
| 18:51 | Create | Villager (Male) |
| 19:05 | Create | Villager (Male) |
| 19:33 | Create | Villager (Male) |
| 19:36 | Build | Blacksmith |
| 19:45 | Build | Palisade Wall |
| 19:46 | Build | Palisade Wall |
| 19:47 | Build | Palisade Wall |
| 19:47 | Build | Palisade Wall |
| 19:48 | Build | Palisade Wall |
| 20:42 | Create | Villager (Male) |
| 21:05 | Create | Spearman |
| 21:05 | Create | Spearman |
| 21:06 | Create | Spearman |
| 21:09 | Create | Scout Cavalry |
| 21:09 | Create | Villager (Male) |
| 21:37 | Create | Villager (Male) |
| 21:58 | Build | Watch Tower |
| 22:00 | Build | House |
| 22:03 | Build | House |
| 22:05 | Build | House |
| 22:07 | Build | House |
| 22:10 | Build | Palisade Wall |
| 22:21 | Create | Villager (Male) |
| 22:23 | Create | Scout Cavalry |
| 22:23 | Create | Scout Cavalry |
| 22:39 | Create | Villager (Male) |
| 22:41 | Build | Market |
| 22:57 | Create | Scout Cavalry |
| 23:15 | Build | Mining Camp |
| 23:17 | Create | Villager (Male) |
| 23:43 | Build | House |
| 23:47 | Create | Villager (Male) |
| 24:02 | Build | Palisade Wall |
| 24:03 | Build | Palisade Wall |
| 24:05 | Build | Palisade Wall |
| 24:06 | Build | Palisade Wall |
| 24:17 | Create | Scout Cavalry |
| 24:24 | Build | Watch Tower |
| 24:35 | Build | Palisade Wall |
| 24:48 | Create | Villager (Male) |
| 24:51 | Create | Scout Cavalry |
| 25:02 | Build | Mining Camp |
| 25:11 | Create | Villager (Male) |
| 25:17 | Build | Palisade Wall |
| 25:18 | Build | Palisade Wall |
| 25:18 | Build | Palisade Wall |
| 25:19 | Build | Palisade Wall |
| 25:20 | Build | Palisade Wall |
| 25:22 | Create | Villager (Male) |
Build order — theanswer5
First 150 of 169 actions detected
| 0:02 | Create | Villager (Male) |
| 0:02 | Create | Villager (Male) |
| 0:03 | Create | Villager (Male) |
| 0:04 | Build | House |
| 0:05 | Build | House |
| 0:56 | Create | Villager (Male) |
| 0:56 | Create | Villager (Male) |
| 1:33 | Create | Villager (Male) |
| 1:56 | Build | Lumber Camp |
| 2:06 | Create | Villager (Male) |
| 2:24 | Create | Villager (Male) |
| 2:54 | Create | Villager (Male) |
| 3:09 | Create | Villager (Male) |
| 3:30 | Build | House |
| 3:43 | Create | Villager (Male) |
| 4:07 | Create | Villager (Male) |
| 4:36 | Create | Villager (Male) |
| 4:37 | Create | Villager (Male) |
| 4:49 | Build | Mill |
| 5:02 | Create | Villager (Male) |
| 5:29 | Create | Villager (Male) |
| 5:29 | Create | Villager (Male) |
| 5:58 | Research | Loom |
| 6:32 | Create | Villager (Male) |
| 6:54 | Create | Villager (Male) |
| 7:15 | Build | Barracks |
| 7:54 | Build | Lumber Camp |
| 8:07 | Research | Feudal Age |
| 8:08 | Research | Feudal Age |
| 8:54 | Create | Villager (Male) |
| 10:17 | Age | Feudal Age |
| 10:20 | Create | Villager (Male) |
| 10:41 | Research | Double-Bit Axe |
| 10:52 | Build | House |
| 11:02 | Create | Villager (Male) |
| 11:18 | Create | Villager (Male) |
| 11:26 | Build | House |
| 11:47 | Build | Stable |
| 12:29 | Create | Scout Cavalry |
| 12:29 | Create | Scout Cavalry |
| 12:30 | Create | Scout Cavalry |
| 13:10 | Build | Town Center |
| 13:43 | Create | Scout Cavalry |
| 13:51 | Build | House |
| 14:11 | Create | Scout Cavalry |
| 14:18 | Create | Villager (Male) |
| 14:19 | Create | Villager (Male) |
| 14:23 | Build | Farm |
| 14:24 | Build | Farm |
| 14:24 | Build | Farm |
| 14:55 | Create | Villager (Male) |
| 15:18 | Create | Villager (Male) |
| 15:25 | Build | Farm |
| 15:27 | Build | Farm |
| 15:44 | Create | Scout Cavalry |
| 15:44 | Create | Scout Cavalry |
| 15:55 | Create | Villager (Male) |
| 15:56 | Create | Villager (Male) |
| 16:21 | Create | Villager (Male) |
| 16:24 | Build | Farm |
| 16:25 | Build | Farm |
| 16:38 | Create | Villager (Male) |
| 17:05 | Build | Farm |
| 17:08 | Build | Farm |
| 17:25 | Create | Villager (Male) |
| 17:25 | Create | Villager (Male) |
| 17:29 | Build | House |
| 17:29 | Build | House |
| 18:03 | Build | Market |
| 18:06 | Create | Villager (Male) |
| 18:33 | Build | House |
| 18:51 | Create | Villager (Male) |
| 18:54 | Build | House |
| 19:36 | Create | Villager (Male) |
| 19:37 | Create | Villager (Male) |
| 19:45 | Build | Farm |
| 20:25 | Create | Villager (Male) |
| 20:40 | Build | Farm |
| 20:41 | Build | Farm |
| 20:42 | Build | Farm |
| 20:43 | Build | Farm |
| 20:44 | Build | Farm |
| 20:46 | Build | Farm |
| 20:53 | Create | Scout Cavalry |
| 20:53 | Create | Scout Cavalry |
| 20:58 | Build | Farm |
| 20:59 | Build | Farm |
| 21:00 | Build | Palisade Wall |
| 21:02 | Build | Farm |
| 21:06 | Build | Farm |
| 21:19 | Build | Farm |
| 21:53 | Create | Villager (Male) |
| 21:53 | Create | Villager (Male) |
| 23:38 | Build | Mining Camp |
| 23:49 | Build | Watch Tower |
| 23:58 | Create | Villager (Male) |
| 23:59 | Create | Villager (Male) |
| 25:05 | Build | Farm |
| 25:33 | Build | Watch Tower |
| 25:56 | Create | Scout Cavalry |
| 25:57 | Create | Scout Cavalry |
| 25:58 | Create | Villager (Male) |
| 25:59 | Create | Villager (Male) |
| 26:10 | Build | Lumber Camp |
| 26:15 | Create | Spearman |
| 26:15 | Create | Spearman |
| 26:45 | Create | Villager (Male) |
| 26:45 | Create | Villager (Male) |
| 27:33 | Build | Lumber Camp |
| 27:45 | Build | Watch Tower |
| 28:31 | Create | Villager (Male) |
| 28:31 | Create | Villager (Male) |
| 29:51 | Build | Watch Tower |
| 30:05 | Build | Mill |
| 30:07 | Build | Farm |
| 30:07 | Build | Farm |
| 30:07 | Build | Farm |
| 30:08 | Build | Farm |
| 30:08 | Build | Farm |
| 30:08 | Build | Farm |
| 30:08 | Build | Farm |
| 30:09 | Build | Farm |
| 30:09 | Build | Farm |
| 30:09 | Build | Farm |
| 30:10 | Build | Farm |
| 30:10 | Build | Farm |
| 31:03 | Create | Spearman |
| 31:20 | Build | Watch Tower |
| 31:25 | Create | Scout Cavalry |
| 31:25 | Create | Scout Cavalry |
| 31:25 | Create | Scout Cavalry |
| 31:42 | Build | Farm |
| 31:42 | Build | Farm |
| 31:43 | Build | Farm |
| 31:44 | Build | Farm |
| 31:46 | Create | Villager (Male) |
| 31:46 | Create | Villager (Male) |
| 32:26 | Build | Watch Tower |
| 33:29 | Create | Villager (Male) |
| 33:29 | Create | Villager (Male) |
| 33:37 | Create | Scout Cavalry |
| 33:37 | Create | Scout Cavalry |
| 34:06 | Create | Villager (Male) |
| 34:38 | Build | Watch Tower |
| 35:48 | Build | Lumber Camp |
| 36:12 | Create | Scout Cavalry |
| 36:12 | Create | Scout Cavalry |
| 36:12 | Create | Scout Cavalry |
| 36:47 | Create | Villager (Male) |
| 36:47 | Create | Villager (Male) |
Match timeline
| 7:03 | Guthrie_Govan · wall_segment Palisade Wall x1 |
| 7:05 | Guthrie_Govan · wall_segment Palisade Wall x1 |
| 7:06 | Guthrie_Govan · wall_segment Palisade Wall x1 |
| 7:09 | Guthrie_Govan · wall_segment Palisade Wall x1 |
| 7:13 | Guthrie_Govan · wall_segment Palisade Wall x1 |
| 7:14 | Guthrie_Govan · wall_segment Palisade Wall x1 |
| 7:15 | theanswer5 · first_building Barracks |
| 7:43 | Guthrie_Govan · wall_segment Palisade Wall x1 |
| 10:17 | theanswer5 · age_up feudal |
| 11:47 | theanswer5 · first_building Stable |
| 12:59 | Guthrie_Govan · first_building Barracks |
| 13:56 | Guthrie_Govan · wall_segment Palisade Wall x1 |
| 13:58 | Guthrie_Govan · wall_segment Palisade Wall x1 |
| 14:01 | Guthrie_Govan · wall_segment Palisade Wall x1 |
| 14:30 | Guthrie_Govan · wall_segment Palisade Wall x1 |
| 14:31 | Guthrie_Govan · wall_segment Palisade Wall x1 |
| 14:33 | Guthrie_Govan · wall_segment Palisade Wall x1 |
| 14:33 | Guthrie_Govan · wall_segment Palisade Wall x1 |
| 14:44 | Guthrie_Govan · age_up feudal |
| 15:29 | Guthrie_Govan · wall_segment Palisade Wall x1 |
| 15:36 | Guthrie_Govan · wall_segment Palisade Wall x1 |
| 15:52 | Guthrie_Govan · first_building Stable |
| 16:14 | Guthrie_Govan · wall_segment Palisade Wall x1 |
| 16:15 | Guthrie_Govan · wall_segment Palisade Wall x1 |
| 16:17 | Guthrie_Govan · wall_segment Palisade Wall x1 |
| 16:18 | Guthrie_Govan · wall_segment Palisade Wall x1 |
| 17:16 | Guthrie_Govan · wall_segment Palisade Wall x1 |
| 19:45 | Guthrie_Govan · wall_segment Palisade Wall x1 |
| 19:46 | Guthrie_Govan · wall_segment Palisade Wall x1 |
| 19:47 | Guthrie_Govan · wall_segment Palisade Wall x1 |
| 19:47 | Guthrie_Govan · wall_segment Palisade Wall x1 |
| 19:48 | Guthrie_Govan · wall_segment Palisade Wall x1 |
| 21:00 | theanswer5 · wall_segment Palisade Wall x1 |
| 22:10 | Guthrie_Govan · wall_segment Palisade Wall x1 |
| 23:41 | theanswer5 · first_market_buy 100 stone |
| 24:02 | Guthrie_Govan · wall_segment Palisade Wall x1 |
| 24:03 | Guthrie_Govan · wall_segment Palisade Wall x1 |
| 24:05 | Guthrie_Govan · wall_segment Palisade Wall x1 |
| 24:06 | Guthrie_Govan · wall_segment Palisade Wall x1 |
| 24:35 | Guthrie_Govan · wall_segment Palisade Wall x1 |
| 25:17 | Guthrie_Govan · wall_segment Palisade Wall x1 |
| 25:18 | Guthrie_Govan · wall_segment Palisade Wall x1 |
| 25:18 | Guthrie_Govan · wall_segment Palisade Wall x1 |
| 25:19 | Guthrie_Govan · wall_segment Palisade Wall x1 |
| 25:20 | Guthrie_Govan · wall_segment Palisade Wall x1 |
| 25:35 | Guthrie_Govan · first_market_sell 100 wood |
| 25:36 | Guthrie_Govan · first_market_buy 100 stone |
| 26:09 | Guthrie_Govan · wall_segment Palisade Wall x1 |
| 26:10 | Guthrie_Govan · wall_segment Palisade Wall x1 |
| 26:11 | Guthrie_Govan · wall_segment Palisade Wall x1 |
| 26:13 | Guthrie_Govan · wall_segment Palisade Wall x1 |
| 26:15 | Guthrie_Govan · wall_segment Palisade Wall x1 |
| 29:13 | Guthrie_Govan · wall_segment Stone Wall x1 |
| 29:14 | Guthrie_Govan · wall_segment Stone Wall x1 |
| 29:16 | Guthrie_Govan · wall_segment Stone Wall x1 |
| 29:22 | Guthrie_Govan · wall_segment Stone Wall x1 |
| 29:34 | Guthrie_Govan · wall_segment Stone Wall x1 |
| 29:36 | Guthrie_Govan · wall_segment Stone Wall x1 |
| 29:38 | Guthrie_Govan · wall_segment Stone Wall x1 |
| 32:50 | Guthrie_Govan · wall_segment Palisade Wall x1 |
| 33:16 | Guthrie_Govan · wall_segment Palisade Wall x1 |
| 33:17 | Guthrie_Govan · wall_segment Palisade Wall x1 |
| 33:18 | Guthrie_Govan · wall_segment Palisade Wall x1 |
| 34:50 | Guthrie_Govan · wall_segment Stone Wall x1 |
| 34:54 | Guthrie_Govan · wall_segment Stone Wall x1 |
| 34:56 | Guthrie_Govan · wall_segment Stone Wall x1 |
| 35:00 | Guthrie_Govan · wall_segment Stone Wall x1 |
| 35:01 | Guthrie_Govan · wall_segment Stone Wall x1 |
| 35:15 | Guthrie_Govan · wall_segment Stone Wall x1 |
| 35:15 | Guthrie_Govan · wall_segment Stone Wall x1 |
| 35:16 | Guthrie_Govan · wall_segment Stone Wall x1 |
| 35:16 | Guthrie_Govan · wall_segment Stone Wall x1 |
| 35:17 | Guthrie_Govan · wall_segment Stone Wall x1 |
| 35:47 | Guthrie_Govan · wall_segment Stone Wall x1 |
| 36:21 | Guthrie_Govan · wall_segment Stone Wall x1 |
| 36:23 | Guthrie_Govan · wall_segment Stone Wall x1 |
| 37:35 | Guthrie_Govan · wall_segment Palisade Wall x1 |
| 41:15 | Guthrie_Govan · wall_segment Stone Wall x1 |
| 41:21 | Guthrie_Govan · wall_segment Stone Wall x1 |
| 41:45 | Guthrie_Govan · wall_segment Palisade Wall x1 |
| 41:50 | Guthrie_Govan · wall_segment Palisade Wall x1 |
| 41:51 | Guthrie_Govan · wall_segment Palisade Wall x1 |
| 43:26 | Guthrie_Govan · age_up castle |
| 43:38 | theanswer5 · resign |
[ AI ANALYSIS · 1 CREDIT ]
What really happened in this match?
Wolo.gg analyzes every decision: build order, eco, micro, common mistakes by bracket. Personalized analysis on WhatsApp or Discord in 30 seconds.
Civ guide
Mongols
Perfil
Jugador #4224302